 Dungeon Crawl Stone Soup version 0.19.0-2-gae57169 (webtiles) character file.

333137 McCoppin the Sniper (level 22, -2/162 HPs)
             Began as a Formicid Hunter on Nov 3, 2016.
             Was the Champion of Okawaru.
             Slain by a vault warden
             ... wielding a +2 great sword of protection
              (45 damage)
             ... on level 4 of the Vaults.
             The game lasted 03:17:20 (45708 turns).

McCoppin the Sniper (Formicid Hunter)              Turns: 45708, Time: 03:17:21

Health: -2/162     AC: 19    Str: 27 (28) XL:     22   Next: 79%
Magic:  26/26      EV: 12    Int: 11 (12) God:    Okawaru [******]
Gold:   1954       SH: 25    Dex: 11 (12) Spells: 0 memorised, 21 levels left

rFire  + . .     SeeInvis +     x - +3 triple crossbow (flame)
rCold  + . .     Gourm    .     y - +2 crystal plate armour
rNeg   . . .     Faith    .     F - +0 shield {reflect}
rPois  +         Spirit   .     (helmet unavailable)
rElec  +         Reflect  +     c - +0 cloak {MR+}
rCorr  +         Harm     .     v - +1 pair of gloves {Str+3}
MR     +++..                    D - +0 pair of boots {run}
Stlth  ..........               j - +5 amulet of reflection
                                I - ring "Qoggid" {rCorr *Contam rPois Slay+3}
                                R - +2 ring of evasion

@: resistant, corroded, quick
A: permanent stasis, dig shafts and tunnels, four strong arms, antennae 3, large
bone plates 1, blurry vision 2, deformed body, deterioration 1, frail 1, poison
resistance, subdued magic 1
a: Dig, Shaft Self, Heroism, Finesse, Renounce Religion
}: 2/15 runes: barnacled, gossamer


You were on level 4 of the Vaults.
You worshipped Okawaru.
Okawaru was exalted by your worship.
You were not hungry.

You visited 7 branches of the dungeon, and saw 36 of its levels.
You also visited: Sewer, Bailey and Ice Cave.

You collected 3617 gold pieces.
You spent 1663 gold pieces at shops.

Inventory:

Hand Weapons
 x - a +3 triple crossbow of flaming (weapon)
 z - the +7 double sword "Geveiceh" {slice, rC+ rN+}
   (You found it in an ice cave)

   It inflicts extra damage upon your enemies.
   It protects you from cold.
   It protects you from negative energy.
Missiles
 d - 1270 bolts (quivered)
Armour
 a - a +1 pair of boots of flying
 c - a +0 cloak of magic resistance (worn)
 h - a +2 cloak
 v - a +1 pair of gloves of strength (worn)
 y - a +2 crystal plate armour (worn)
 D - a +0 pair of boots of running (worn)
 F - a +0 shield of reflection (worn)
Jewellery
 j - a +5 amulet of reflection (around neck)
 I - the ring "Qoggid" (right hand) {rCorr *Contam rPois Slay+3}
   (You found it on level 2 of the Lair of Beasts)

   [ring of resist corrosion]

   It affects your accuracy and damage with ranged weapons and melee attacks
   (+3).
   It protects you from poison.
   It causes magical contamination when unequipped.
 K - an uncursed ring of protection from cold
 P - a +4 ring of protection
 R - a +2 ring of evasion (left hand)
 U - a +5 ring of dexterity
Wands
 b - a wand of disintegration (7/24)
 i - a wand of polymorph (8/24)
 t - a wand of slowing (18/48)
Scrolls
 e - 3 scrolls of fear
 n - a scroll of summoning
 o - 2 scrolls of holy word
 p - 6 scrolls of noise
 q - 15 scrolls of remove curse
 s - 2 scrolls of magic mapping
 w - 6 scrolls of amnesia
 A - 10 scrolls of enchant armour
 B - 3 scrolls of silence
 G - 4 scrolls of immolation
 L - 7 scrolls of enchant weapon
 Q - 13 scrolls of identify
 S - 5 scrolls of recharging
 T - 5 scrolls of fog
Potions
 k - 4 potions of flight
 l - a potion of invisibility
 r - 12 potions of curing
 C - 6 potions of ambrosia
 H - 5 potions of might
 J - a potion of cancellation
 N - a potion of agility
 O - 2 potions of heal wounds
 V - a potion of resistance
Comestibles
 f - 6 bread rations
 g - 6 meat rations
 m - 10 fruits
 u - a slice of pizza
 Z - 15 royal jellies


   Skills:
 - Level 16.8 Fighting
 + Level 23.5 Crossbows
 + Level 19.1 Armour
 - Level 7.9 Dodging
 - Level 8.3 Stealth
 - Level 19.0 Shields
 - Level 6.0 Invocations


You had 21 spell levels left.
You didn't know any spells.

Dungeon Overview and Level Annotations

Branches:
Dungeon (15/15)            Temple (1/1) D:6            Lair (6/6) D:8
 Shoals (4/4) Lair:3       Spider (4/4) Lair:4        Slime (0/5) Lair:6
    Orc (2/2) D:10            Elf (0/3) Orc:2        Vaults (4/5) D:14
  Crypt (0/3) Vaults:2     Depths (0/5) D:15

Altars:
Ashenzari
Cheibriados
Dithmenos
Elyvilon
Fedhas
Hepliaklqana
Kikubaaqudgha
Makhleb
Nemelex Xobeh
Okawaru
Qazlal
Ru
Sif Muna
Trog
Uskayaw
Vehumet
Xom
Yredelemnul
Zin
The Shining One
Beogh
Lugonu

Shops:
D:5 :   D:6 (   D:8 *:%%   D:9 *   Orc:2 ([!:?*(}   Vaults:3 ?   Vaults:4 !

Annotations:
Shoals:3 Oozefury's ghost, adept MiBe


Innate Abilities, Weirdness & Mutations

You are under a permanent stasis effect.
You can dig through walls and to a lower floor.
Your four strong arms can wield two-handed weapons with a shield.
You have a pair of large antennae on your head. (SInv)
You are partially covered in large bone plates. (SH +4)
Scrolls take you longer to read.
Armour fits poorly on your strangely shaped body.
Your body sometimes deteriorates upon taking damage.
You are frail. (-10% HP)
Your system is resistant to poisons. (rPois)
Your spells are a little easier to cast, but a little less powerful.


Message History

You block the vault warden's attack. You block the yaktaur's attack.
Firing (i - inventory):
d - 1271 bolts (quivered)
Press: ? - help, Shift-Dir - straight line, f/p - entropy weaver
Aim: an entropy weaver You shoot a bolt.
The bolt barely misses the vault warden.
The bolt hits the entropy weaver!!!
The bolt burns the entropy weaver!
The entropy weaver is severely wounded.
You block the yaktaur's attack. The stone giant hits you!!
* * * LOW HITPOINT WARNING * * *
The vault warden barely misses you.
Firing (i - inventory):
d - 1270 bolts (quivered)
Press: ? - help, Shift-Dir - straight line, f/p - entropy weaver
Aim: an entropy weaver (severely wounded)
Okay, then.
You feel much better. You block the yaktaur's attack.
The stone giant hits you!!
* * * LOW HITPOINT WARNING * * *
The vault warden hits you with a great sword of protection!!!
You die...

........# ........#
........# ######'#########
...............#
...............# .
...............# ..
...............#########+##'
...............+@cC((>.(..+(
##########.....#Cpp..()...#
##### #.....#sa..(.....#
....## #.....#..........#
.....## #.....#..........#
##....## #.....#..........#
####...# #.....############
..###..# #.....# ...##..#
#.....#


You could see a fire giant, a stone giant, a vault warden, an entropy weaver, an
ironbrand convoker, a yaktaur and a redback.

Vanquished Creatures
  Saint Roka (Vaults:3)
  Jorgrun (Shoals:3)
  A lich (Vaults:2)
  Rupert (Spider:1)
  Frances (Spider:2)
  A tengu reaver (Vaults:4)
  A sphinx (Vaults:4)
  Polyphemus (Shoals:3)
  Agnes (D:15)
  A storm dragon (Vaults:2)
  A fire giant (Vaults:3)
  5 frost giants
  An orc warlord (Orc:2)
  9 vault wardens
  3 emperor scorpions (Spider:4)
  6 ghost moths
  Louise (Spider:4)
  The ghost of aggelon the Brawler, a journeyman TrBe of Trog (Shoals:2)
  13 ironheart preservers
  4 very ugly things (Vaults:4)
  3 entropy weavers
  2 deep elf demonologists (Vaults:2)
  2 ettins
  9 merfolk javelineers (Shoals:4)
  Josephine (D:13)
  10 yaktaur captains
  3 fire dragons
  3 great orbs of eyes
  5 merfolk impalers (Shoals:4)
  An ice dragon (Vaults:2)
  3 vault guards (Vaults:4)
  9 hydras
  7 rakshasas
  A merfolk aquamancer (Shoals:4)
  5 centaur warriors
  2 death knights (Vaults:3)
  3 alligator snapping turtles (Shoals:4)
  5 catoblepae
  Erica (D:8)
  16 ogre magi
  3 merfolk avatars
  A deep troll shaman (Vaults:4)
  4 tengu warriors
  8 death scarabs (Spider:4)
  A satyr (Shoals:4)
  17 death yaks
  2 deep elf knights
  A spectral emperor scorpion (Spider:4)
  5 skeletal warriors (D:12)
  9 sea snakes
  An unseen horror (shapeshifter) (Vaults:1)
  2 unseen horrors
  2 flayed ghosts
  A glowing orange brain (Vaults:4)
  7 hill giants
  15 ironbrand convokers
  5 deep elf archers
  8 deep trolls
  5 spectral wolf spiders (Spider:4)
  The ghost of skk the Ruffian, a novice TrNe of Cheibriados (D:6)
  4 wizards
  An orange crystal statue (Vaults:1)
  17 harpies
  3 necromancers
  12 orc knights
  12 orb spiders
  A phantasmal warrior (Vaults:3)
  4 wolf spider zombies (Spider:4)
  12 deep elf magi
  17 manticores
  28 wolf spiders
  2 fauns (Shoals:2)
  44 ugly things
  13 cyclopes
  5 oklob plants
  4 orc sorcerers
  3 black mambas
  4 moths of wrath
  2 centaur zombies
  7 sirens
  A stone giant skeleton (Vaults:3)
  Maurice (D:13)
  6 elephants (Lair:6)
  17 vault sentinels
  An ice statue (IceCv)
  2 gargoyles
  A guardian serpent (shapeshifter) (Vaults:3)
  2 molten gargoyles (Lair:5)
  A torpor snail (Spider:1)
  8 spiny frogs
  2 water nymphs (Shoals:4)
  Psyche (D:8)
  2 rime drakes
  5 komodo dragons
  A kobold demonologist (D:14)
  8 freezing wraiths
  A yaktaur (shapeshifter) (Vaults:1)
  12 demonic crawlers
  26 yaktaurs
  2 spectral redbacks (Spider:4)
  2 tengu conjurers
  A redback zombie (Spider:4)
  A queen bee (shapeshifter) (D:15)
  15 merfolk (Shoals:4)
  A queen bee (Lair:4)
  16 trolls
  A meliai (shapeshifter) (Vaults:2)
  3 meliai
  A harpy zombie (D:15)
  3 wind drakes
  41 jumping spiders
  22 two-headed ogres
  14 polar bears
  3 spectral tarantellas
  A tengu simulacrum (Vaults:3)
  6 spectral jumping spiders (Spider:4)
  A tarantella zombie (Spider:4)
  8 blink frogs
  2 jumping spider zombies (Spider:4)
  9 hornets
  A two-headed ogre (shapeshifter) (Vaults:2)
  8 hippogriffs
  10 dream sheep
  4 snapping turtles (Shoals:4)
  11 slime creatures
  A human simulacrum (Vaults:3)
  A frost giant simulacrum (Vaults:3)
  87 redbacks
  Sigmund (D:5)
  2 wyverns
  An air elemental (Orc:2)
  51 tarantellas
  A spriggan (D:7)
  3 vampires
  4 wraiths (D:13)
  2 basilisks (Lair:5)
  A fire bat (shapeshifter) (Vaults:4)
  2 water elementals (Shoals:4)
  82 yaks
  Grum (D:8)
  A fire elemental (Orc:2)
  2 hungry ghosts
  4 vampire mosquitoes (D:14)
  A mottled dragon (Vaults:1)
  6 wargs
  13 water moccasins
  A water moccasin (shapeshifter) (Vaults:3)
  A soldier ant (shapeshifter) (Vaults:3)
  11 porcupines
  Duvessa (D:6)
  2 spectral hornets
  2 ice beasts
  2 eyes of draining
  48 orc warriors
  2 black bears
  A phantom (D:9)
  2 sky beasts (D:5)
  4 boggarts (Lair:5)
  An ogre (shapeshifter) (Vaults:2)
  30 wolves
  2 necrophages
  58 ogres
  26 centaurs
  13 crocodiles
  Blork the orc (D:5)
  2 big kobolds
  23 bullfrogs
  A human zombie (Vaults:3)
  A gnoll sergeant (D:9)
  Dowan (D:6)
  A glowing shapeshifter simulacrum (Vaults:3)
  2 wyvern skeletons
  5 scorpions
  7 wights
  28 killer bees
  4 electric eels
  2 vampire bats (Orc:2)
  7 howler monkeys
  8 crimson imps
  A bullfrog zombie (D:8)
  5 lava snakes (Lair:5)
  A quasit (D:10)
  8 hounds
  16 orc priests
  Crazy Yiuf (D:5)
  12 jellies
  23 orc wizards
  3 bullfrog skeletons
  2 centaur skeletons
  5 iguanas
  9 worker ants
  A hound skeleton (D:6)
  3 worker ant zombies
  A howler monkey skeleton (D:9)
  4 gnolls (D:2)
  7 adders
  2 river rats (D:6)
  7 shadow imps
  16 oozes
  An adder zombie (D:7)
  3 adder skeletons
  5 worms
  2 dart slugs (D:1)
  7 leopard geckos
  116 orcs
  5 ball pythons
  4 giant cockroaches
  10 goblins
  6 hobgoblins
  19 jackals
  5 quokkas
  15 bats
  5 frilled lizards
  A jackal skeleton (D:4)
  26 kobolds
  A leopard gecko zombie (D:6)
  11 rats
  2 fungi
  5 plants
1666 creatures vanquished.

Vanquished Creatures (others)
  A stone giant (Shoals:2)
  Nessos (D:13)
  A yaktaur captain (Vaults:2)
  3 centaur warriors
  4 cyclopes
  A faun (Shoals:2)
  A vault sentinel (Vaults:3)
  11 yaktaurs
  7 orc warriors (Orc:2)
  An ogre (Vaults:4)
  3 centaurs
  An orc priest (Vaults:3)
  An orc wizard (Vaults:3)
  5 orcs
  15 fungi
  51 plants
107 creatures vanquished.

Grand Total: 1773 creatures vanquished

Notes
Turn   | Place    | Note
-------+----------+-------------------------------------------
     0 | D:1      | McCoppin the Formicid Hunter began the quest for the Orb.
     0 | D:1      | Reached XP level 1. HP: 16/16 MP: 1/1
    69 | D:1      | Reached XP level 2. HP: 24/24 MP: 2/2
   492 | D:1      | Reached XP level 3. HP: 29/29 MP: 3/3
   823 | D:2      | Found a deep blue altar of Sif Muna.
  1018 | D:2      | Reached XP level 4. HP: 35/38 MP: 4/4
  1206 | D:2      | Reached skill level 5 in Fighting
  1231 | D:2      | Found a bloodstained altar of Trog.
  1472 | D:3      | Reached XP level 5. HP: 44/44 MP: 5/5
  2172 | D:4      | Reached skill level 1 in Shields
  2571 | D:4      | Found a glowing silver altar of Zin.
  2571 | D:4      | Found a glowing golden altar of the Shining One.
  2794 | D:5      | Entered Level 5 of the Dungeon
  2822 | D:5      | Reached XP level 6. HP: 38/52 MP: 4/6
  3023 | D:5      | Noticed Blork the orc
  3040 | D:5      | Killed Blork the orc
  3040 | D:5      | Reached XP level 7. HP: 45/59 MP: 4/7
  3092 | D:5      | Gained mutation: Scrolls take you a little longer to read. [mutagenic meat]
  3093 | D:5      | Gained mutation: You expend magic power (3 MP) to strengthen your wands. [mutagenic meat]
  3094 | D:5      | Gained mutation: You are partially covered in rugged brown scales. (AC +1, +3% HP) [mutagenic meat]
  3095 | D:5      | Gained mutation: You are somewhat resistant to further mutation. [mutagenic meat]
  3194 | D:5      | Noticed Sigmund
  3200 | D:5      | Killed Sigmund
  3211 | D:5      | Found Imit Emet's Book Emporium.
  3308 | D:5      | Reached XP level 8. HP: 22/70 MP: 2/8
  3640 | D:5      | Reached skill level 5 in Shields
  3652 | D:5      | Gained mutation: Your body sometimes deteriorates upon taking damage. [mutagenic meat]
  3722 | D:5      | Found a shattered altar of Ashenzari.
  4027 | D:5      | Found a runed door.
  4060 | D:5      | Noticed Crazy Yiuf
  4073 | D:5      | Killed Crazy Yiuf
  4194 | D:6      | Found a shimmering altar of Xom.
  4305 | D:6      | Found a glowing drain.
  4355 | Sewer    | Entered a sewer
  4620 | D:6      | Noticed Duvessa
  4625 | D:6      | Noticed Dowan
  4636 | D:6      | Killed Duvessa
  4653 | D:6      | Killed Dowan
  4703 | D:6      | Reached XP level 9. HP: 79/80 MP: 9/9
  4820 | D:6      | Found a staircase to the Ecumenical Temple.
  4829 | D:6      | Noticed skk's ghost (novice TrNe)
  4833 | Temple   | Entered the Ecumenical Temple
  4847 | Temple   | Became a worshipper of Warmaster Okawaru
  4878 | D:6      | HP: 3/80 [skk's ghost (16)]
  5228 | Temple   | Reached skill level 10 in Fighting
  5271 | D:6      | Killed skk's ghost
  5491 | D:6      | Found Ikhoguok's Weapon Emporium.
  5799 | D:7      | Found a hazy altar of Hepliaklqana.
  5919 | D:7      | Found a hide-covered altar of Uskayaw.
  5956 | D:7      | Reached * piety under Okawaru
  5956 | D:7      | Reached skill level 5 in Invocations
  6348 | D:7      | Reached XP level 10. HP: 84/87 MP: 14/14
  6803 | D:8      | Found Laom's Book Shoppe.
  6861 | D:8      | Noticed Psyche
  6867 | D:8      | Reached skill level 1 in Armour
  6876 | D:8      | Killed Psyche
  6876 | D:8      | Reached skill level 5 in Crossbows
  6897 | D:8      | Noticed Erica
  6898 | D:8      | Reached ** piety under Okawaru
  6922 | D:8      | Killed Erica
  6922 | D:8      | Reached skill level 6 in Crossbows
  7103 | D:8      | Found Dyifu's Assorted Antiques.
  7103 | D:8      | Noticed Grum
  7145 | D:8      | Killed Grum
  7167 | D:8      | Reached skill level 5 in Armour
  7255 | D:8      | Reached skill level 7 in Crossbows
  7384 | D:8      | Reached *** piety under Okawaru
  7622 | D:8      | Bought a scroll of identify for 52 gold pieces
  7622 | D:8      | Bought a pair of shimmering boots for 247 gold pieces
  7627 | D:8      | Identified the +2 pair of boots of the Enchanted Forest {SInv} (You bought it in a shop on level 8 of the Dungeon)
  7627 | D:8      | Bought a green potion for 23 gold pieces
  7627 | D:8      | Bought a viscous black potion for 23 gold pieces
  7689 | D:8      | Found a staircase to the Lair.
  7699 | D:8      | Found Oreocucet's Food Emporium.
  7704 | D:8      | Noticed a hill giant
  7720 | D:8      | Killed a hill giant
  7720 | D:8      | Reached XP level 11. HP: 58/92 MP: 15/15
  7723 | D:8      | Found Itaux's Food Shoppe.
  8018 | D:8      | Found a sacrificial altar of Ru.
  8381 | D:9      | Found a flagged portal.
  8404 | Bailey   | Entered a bailey
  9097 | Bailey   | Reached skill level 8 in Crossbows
  9472 | Bailey   | Found a roughly hewn altar of Beogh.
  9472 | Bailey   | Noticed an orc knight
  9488 | Bailey   | Killed an orc knight
 10000 | D:9      | Found Onlifoyse's Assorted Antiques.
 10010 | D:9      | Bought a scroll of identify for 72 gold pieces
 10457 | D:9      | Reached **** piety under Okawaru
 10499 | D:9      | Reached skill level 9 in Crossbows
 10889 | D:9      | Found a sparkling altar of Nemelex Xobeh.
 10891 | D:9      | Found a blossoming altar of Fedhas.
 10895 | D:9      | Found a burning altar of Makhleb.
 10896 | D:9      | Found a white marble altar of Elyvilon.
 11097 | Lair:1   | Entered Level 1 of the Lair of Beasts
 11180 | Lair:1   | Received a gift from Okawaru
 11401 | Lair:1   | Reached skill level 10 in Armour
 11619 | Lair:1   | Received a gift from Okawaru
 12006 | Lair:2   | Got a crude lapis lazuli ring
 12009 | Lair:2   | Identified the ring "Qoggid" {rCorr *Contam rPois Slay+3} (You found it on level 2 of the Lair of Beasts)
 12025 | Lair:2   | Got a shimmering leather armour
 12041 | Lair:2   | Identified the +3 leather armour of the Thoughtful Lives {Dex+3} (You found it on level 2 of the Lair of Beasts)
 12112 | Lair:2   | Reached skill level 10 in Crossbows
 12113 | Lair:2   | Reached ***** piety under Okawaru
 12190 | Lair:2   | Reached XP level 12. HP: 103/103 MP: 16/16
 12233 | Lair:2   | Received a gift from Okawaru
 12252 | Lair:2   | Identified a +0 pair of boots of running (Okawaru gifted it to you on level 2 of the Lair of Beasts)
 12825 | Lair:2   | Reached skill level 11 in Crossbows
 13604 | Lair:3   | Found a staircase to the Shoals.
 13716 | Lair:3   | Reached skill level 12 in Crossbows
 13734 | Lair:3   | Reached XP level 13. HP: 117/117 MP: 17/17
 13785 | Lair:3   | Got a steaming dagger
 13786 | Lair:3   | Identified the +3 dagger "Sinel" {speed, rElec rPois} (You found it on level 3 of the Lair of Beasts)
 14183 | Lair:4   | Reached skill level 15 in Fighting
 14986 | Lair:4   | Received a gift from Okawaru
 15598 | Lair:4   | Received a gift from Okawaru
 15611 | Lair:4   | Reached skill level 13 in Crossbows
 15741 | Lair:4   | Found a hole to the Spider Nest.
 15799 | Lair:4   | Noticed a four-headed hydra
 15803 | Lair:4   | Killed a four-headed hydra
 15803 | Lair:4   | Received a gift from Okawaru
 16069 | Lair:4   | Received a gift from Okawaru
 16509 | Lair:5   | Noticed a seven-headed hydra
 16990 | Lair:5   | Noticed a four-headed hydra
 16997 | Lair:5   | Killed a four-headed hydra
 17022 | Lair:5   | Noticed a five-headed hydra
 17028 | Lair:5   | Killed a five-headed hydra
 17560 | Lair:6   | Entered Level 6 of the Lair of Beasts
 17610 | Lair:6   | Noticed a seven-headed hydra
 17614 | Lair:6   | Killed a seven-headed hydra
 17656 | Lair:6   | Reached ****** piety under Okawaru
 17705 | Lair:6   | Reached XP level 14. HP: 126/127 MP: 18/18
 17797 | Lair:6   | Reached skill level 14 in Crossbows
 17834 | Lair:6   | Found a staircase to the Slime Pits.
 18064 | Lair:6   | Identified the Incunabulum of Creative Contamination
 18231 | Lair:6   | Received a gift from Okawaru
 18256 | Lair:6   | Got a smoking hand crossbow {god gift}
 18257 | Lair:6   | Identified the +6 hand crossbow of Discomfort {velocity, SInv} (Okawaru gifted it to you on level 6 of the Lair of Beasts)
 18660 | Lair:6   | Reached skill level 15 in Armour
 18731 | Lair:6   | Received a gift from Okawaru
 18809 | Lair:6   | Reached skill level 15 in Crossbows
 18884 | Lair:6   | Identified Matrim's Collected Works on the Entourage and Hexes
 18888 | Lair:6   | Identified a scroll of acquirement
 18964 | Lair:6   | Upgraded the game from 0.19.0-1-g5985abe to 0.19.0-2-gae57169
 19384 | D:10     | Entered Level 10 of the Dungeon
 19622 | D:10     | Received a gift from Okawaru
 19640 | D:10     | Got a brightly glowing shortbow {god gift}
 19646 | D:10     | Identified the +8 shortbow of a bazaar {speed, rC+ Dex+3 Stlth+} (Okawaru gifted it to you on level 10 of the Dungeon)
 19800 | D:10     | Got a scorched rapier
 19801 | D:10     | Identified the cursed +1 rapier of Doubt {venom, rF- rC+ Str+2} (You found it on level 10 of the Dungeon)
 19926 | D:10     | Found a staircase to the Orcish Mines.
 19946 | D:10     | Found a roughly hewn altar of Beogh.
 20023 | D:10     | Reached XP level 15. HP: 133/133 MP: 19/19
 20298 | Orc:1    | Entered Level 1 of the Orcish Mines
 20467 | Orc:2    | Entered Level 2 of the Orcish Mines
 20478 | Orc:2    | Found Eddas's Weapon Shoppe.
 20597 | Orc:2    | Noticed an orc warlord
 20667 | Orc:2    | Reached skill level 16 in Crossbows
 21073 | Orc:2    | Killed an orc warlord
 21218 | Orc:2    | Found a staircase to the Elven Halls.
 21302 | Orc:2    | Received a gift from Okawaru
 21316 | Orc:2    | Got a pair of ancient gloves {god gift}
 21399 | Orc:2    | Identified the +0 pair of gloves of Atyesig {rF- rC+ rCorr Str+3} (Okawaru gifted it to you on level 2 of the Orcish Mines)
 21486 | Orc:2    | Found Eroi's Gadget Shop.
 21636 | Orc:2    | Found Aczuihumn's Book Shop.
 21636 | Orc:2    | Found Mirurgh's Distillery.
 21640 | Orc:2    | Found Tilodghe's Armour Shoppe.
 21642 | Orc:2    | Found Elut's Magic Scroll Boutique.
 21663 | Orc:2    | Bought a +1 pair of gloves of strength for 280 gold pieces
 21678 | Orc:2    | Bought a potion of might for 64 gold pieces
 21678 | Orc:2    | Bought 2 potions of might for 128 gold pieces
 21678 | Orc:2    | Bought a potion of heal wounds for 80 gold pieces
 21678 | Orc:2    | Bought a potion of curing for 48 gold pieces
 21678 | Orc:2    | Bought a potion of curing for 48 gold pieces
 21681 | Orc:2    | Bought a scroll of magic mapping for 59 gold pieces
 21681 | Orc:2    | Bought a scroll of enchant armour for 127 gold pieces
 21681 | Orc:2    | Bought a scroll of enchant weapon for 127 gold pieces
 21844 | Orc:2    | Found Vaoritti's Weapon Shoppe.
 21859 | Orc:2    | Found Poingur's General Store.
 21884 | Orc:2    | Bought a scroll of enchant weapon for 90 gold pieces
 21884 | Orc:2    | Bought a scroll of enchant armour for 90 gold pieces
 22255 | Lair:4   | Reached skill level 17 in Crossbows
 22294 | Spider:1 | Entered Level 1 of the Spider Nest
 22605 | Spider:1 | Noticed Rupert
 22624 | Spider:1 | Killed Rupert
 23087 | Spider:1 | Reached skill level 18 in Crossbows
 23347 | Spider:1 | Received a gift from Okawaru
 23747 | Spider:1 | Reached XP level 16. HP: 125/142 MP: 20/20
 24410 | Spider:2 | Noticed Frances
 24430 | Spider:2 | Reached skill level 5 in Stealth
 24856 | Spider:2 | Killed Frances
 25498 | Spider:2 | Reached skill level 5 in Dodging
 25710 | Spider:2 | Received a gift from Okawaru
 27752 | Spider:4 | Entered Level 4 of the Spider Nest
 28240 | Spider:4 | Noticed Louise
 28263 | Spider:3 | Reached XP level 17. HP: 114/150 MP: 21/21
 28371 | Spider:3 | Gained mutation: You are partially covered in large bone plates. (SH +4) [potion of mutation]
 28405 | Spider:4 | Killed Louise
 28591 | Spider:3 | Received a gift from Okawaru
 28592 | Spider:3 | Got a faintly glowing triple crossbow {god gift}
 28593 | Spider:3 | Identified the +1 triple crossbow "Jeschai" {velocity, Dex+4} (Okawaru gifted it to you on level 3 of the Spider Nest)
 30149 | Spider:4 | Received a gift from Okawaru
 30162 | Spider:4 | Reached skill level 19 in Crossbows
 30362 | Spider:4 | Received a gift from Okawaru
 30931 | Spider:4 | Received a gift from Okawaru
 31272 | Spider:4 | Got a gossamer rune of Zot
 31697 | D:11     | Gained mutation: Your body often deteriorates upon taking damage. [potion of mutation]
 32007 | D:11     | Reached skill level 20 in Crossbows
 32007 | D:11     | Reached XP level 18. HP: 157/157 MP: 22/22
 33290 | D:13     | Found a frozen archway.
 33293 | D:13     | Noticed Maurice
 33300 | D:13     | Killed Maurice
 33333 | IceCv    | Entered an ice cave
 33660 | IceCv    | Reached skill level 21 in Crossbows
 33679 | IceCv    | Got an iridescent double sword
 33683 | IceCv    | Identified the +7 double sword "Geveiceh" {slice, rC+ rN+} (You found it in an ice cave)
 34373 | D:13     | Noticed Nessos
 34374 | D:13     | Killed Nessos
 34409 | D:13     | Noticed Josephine
 34411 | D:13     | Killed Josephine
 34935 | D:14     | Received a gift from Okawaru
 35009 | D:14     | Found a gate to the Vaults.
 35230 | D:14     | Gained mutation: Your spells are a little easier to cast, but a little less powerful. [mutagenic meat]
 35234 | D:14     | Lost mutation: You expend magic power (3 MP) to strengthen your wands. [mutagenic meat]
 35526 | D:15     | Entered Level 15 of the Dungeon
 35753 | D:15     | Reached skill level 10 in Shields
 35762 | D:15     | Found a hide-covered altar of Uskayaw.
 35803 | D:15     | Noticed Agnes
 35815 | D:15     | Killed Agnes
 35815 | D:15     | Reached XP level 19. HP: 93/163 MP: 23/23
 35843 | D:15     | Found a staircase to the Depths.
 36515 | Shoals:1 | Entered Level 1 of the Shoals
 36563 | Shoals:2 | Noticed aggelon's ghost (journeyman TrBe)
 36568 | Shoals:2 | Killed aggelon's ghost
 36842 | Shoals:3 | Received a gift from Okawaru
 36886 | Shoals:3 | Noticed Oozefury's ghost (adept MiBe)
 36892 | Shoals:3 | Noticed Polyphemus
 36902 | Shoals:3 | Killed Polyphemus
 37067 | Shoals:2 | Received a gift from Okawaru
 37084 | Shoals:2 | Got a pair of brightly glowing gloves {god gift}
 37097 | Shoals:2 | Identified the +0 pair of gloves of Freedom {rN+ rCorr} (Okawaru gifted it to you on level 2 of the Shoals)
 37253 | Shoals:3 | Noticed Jorgrun
 37263 | Shoals:3 | Killed Jorgrun
 37466 | Shoals:4 | Entered Level 4 of the Shoals
 37691 | Shoals:4 | Identified the Handbook of Cloudy Flames
 37758 | Shoals:4 | Reached skill level 15 in Shields
 37992 | Shoals:4 | Identified Sotun's Guide on Harmful Clay
 38130 | Shoals:4 | Got a barnacled rune of Zot
 38144 | Shoals:4 | Received a gift from Okawaru
 38211 | Shoals:4 | Reached XP level 20. HP: 99/172 MP: 24/24
 38790 | Vaults:1 | Entered Level 1 of the Vaults
 38979 | Vaults:1 | Lost mutation: You are partially covered in rugged brown scales. (AC +1, +3% HP) [mutagenic meat]
 38981 | Vaults:1 | Gained mutation: Scrolls take you longer to read. [mutagenic meat]
 39133 | Vaults:1 | Gained mutation: You are robust. (+10% HP) [mutagenic meat]
 39135 | Vaults:1 | Lost mutation: You are robust. (+10% HP) [mutagenic meat]
 39166 | Vaults:1 | Received a gift from Okawaru
 39653 | Vaults:1 | Gained mutation: Your system is resistant to poisons. (rPois) [mutagenic meat]
 39657 | Vaults:1 | Gained mutation: You are clumsy. (Dex -2) [mutagenic meat]
 39659 | Vaults:1 | Gained mutation: Armour fits poorly on your strangely shaped body. [mutagenic meat]
 40731 | Vaults:2 | Reached XP level 21. HP: 129/173 MP: 25/25
 41035 | Vaults:2 | Received a gift from Okawaru
 41039 | Vaults:2 | Found a staircase to the Crypt.
 41205 | Vaults:2 | Received a gift from Okawaru
 41214 | Vaults:2 | Reached skill level 22 in Crossbows
 41414 | Vaults:2 | Noticed a lich
 41418 | Vaults:2 | Killed a lich
 42867 | Vaults:3 | Received a gift from Okawaru
 42925 | Vaults:3 | Found Hitoh's Magic Scroll Shop.
 43061 | Vaults:3 | Noticed Saint Roka
 43071 | Vaults:3 | Killed Saint Roka
 43380 | Vaults:3 | Reached XP level 22. HP: 157/180 MP: 26/26
 43529 | Vaults:3 | Lost mutation: Your body often deteriorates upon taking damage. [mutagenic meat]
 43534 | Vaults:3 | Lost mutation: You are somewhat resistant to further mutation. [mutagenic meat]
 43535 | Vaults:3 | Gained mutation: You are frail. (-10% HP) [mutagenic meat]
 43695 | Vaults:3 | Reached skill level 23 in Crossbows
 44625 | Vaults:4 | Received a gift from Okawaru
 44689 | Vaults:4 | Found Oruy's Distillery.
 44696 | Vaults:4 | Bought a potion of heal wounds for 105 gold pieces
 44749 | Vaults:4 | Lost mutation: You are clumsy. (Dex -2) [mutagenic meat]
 44840 | Vaults:4 | Received a gift from Okawaru
 45708 | Vaults:4 | Slain by a vault warden

Skill      XL: |  1  2  3  4  5  6  7  8  9 10 11 12 13 14 15 16 17 18 19 20 21 22 |
---------------+-------------------------------------------------------------------+-----
Fighting       | 3 4 5 6 7 9 10 11 14 15 16 | 16.8
Shields        | 1 3 4 6 9 10 16 19 | 19.0
Invocations    | 5 6 |  6.0
Armour         | 6 10 12 15 16 17 19 | 19.1
Crossbows      | 7 10 12 13 15 18 20 21 22 23 | 23.5
Stealth        | 2 8 |  8.3
Dodging        | 2 7 |  7.9

Action                   |  1- 3 |  4- 6 |  7- 9 | 10-12 | 13-15 | 16-18 | 19-21 | 22-24 || total
-------------------------+-------+-------+-------+-------+-------+-------+-------+-------++-------
Melee: Short sword       |    99 |   145 |   452 |   315 |    44 |       |       |       ||  1055
       Hand crossbow     |       |       |       |       |     1 |     1 |       |       ||     2
       Triple crossbow   |       |       |       |       |       |       |    25 |       ||    25
       Double sword      |       |       |       |       |       |       |     3 |       ||     3
 Fire: Hand crossbow     |    25 |    19 |    21 |   718 |  1230 |   553 |       |       ||  2566
       Arbalest          |       |       |       |     2 |       |       |       |       ||     2
       Triple crossbow   |       |       |       |       |       |   871 |  1091 |   337 ||  2299
Invok: Heroism           |       |       |       |     2 |     9 |     6 |     4 |     1 ||    22
       Finesse           |       |       |       |       |     3 |     2 |     2 |     1 ||     8
 Abil: Dig               |       |     1 |     1 |     6 |     9 |    10 |     8 |       ||    35
  Use: Scroll            |       |     4 |     4 |     8 |     7 |     5 |     8 |       ||    36
       Potion            |       |       |     4 |     1 |     3 |     5 |       |    10 ||    23
  Eat: Chunk             |       |     5 |    13 |    11 |     8 |    11 |    37 |     9 ||    94
       Royal jelly       |       |     1 |       |       |       |       |       |       ||     1
       Meat ration       |       |       |     1 |       |       |     2 |       |       ||     3
       Fruit             |       |       |     2 |       |     3 |     1 |       |       ||     6
       Bread ration      |       |       |       |     3 |     4 |     4 |     4 |     1 ||    16
       Beef jerky        |       |       |       |       |     2 |     1 |     2 |       ||     5
       Pizza             |       |       |       |       |       |     4 |     1 |       ||     5
Armor: Ring mail         |    56 |    39 |   114 |    69 |       |       |       |       ||   278
       Leather armour    |     1 |       |       |       |       |       |       |       ||     1
       Plate armour      |       |       |       |   164 |   359 |   428 |       |       ||   951
       Crystal plate arm |       |       |       |       |       |   173 |   315 |    73 ||   561
Dodge: Dodged            |    63 |    56 |   133 |   176 |   193 |   360 |   177 |    62 ||  1220
Block: Buckler           |       |    14 |    13 |       |       |       |       |       ||    27
       Shield            |       |       |   148 |   391 |   463 |  1130 |   715 |   319 ||  3166
       Reflection        |       |       |       |       |    46 |    32 |   121 |    19 ||   218
